 Dungeon Crawl Stone Soup version 0.29.1-2-gbd0b4ee654 (webtiles) character file.

Game seed: 15509997384534520228

142 safid the Shooter (level 5, -2/47 HPs)
             Began as a Minotaur Hunter on Nov 21, 2022.
             Slain by an orc
             ... wielding a +0 war axe
              (7 damage)
             ... on level 3 of the Dungeon.
             The game lasted 00:02:49 (1672 turns).

safid the Shooter (Minotaur Hunter)                 Turns: 1672, Time: 00:02:49

Health: -2/47      AC:  3    Str: 15    XL:     5   Next: 3%
Magic:  4/4        EV: 12    Int:  6    God:
Gold:   175        SH:  0    Dex: 16    Spells: 4/4 levels left

rFire   . . .      SeeInvis .   a - +0 shortbow
rCold   . . .      Faith    .   (shield currently unavailable)
rNeg    . . .      Spirit   .   c - +0 leather armour
rPois   .          Reflect  .   (helmet restricted)
rElec   .          Harm     .   (no cloak)
rCorr   .          Rampage  .   (no gloves)
Will    .....                   (no boots)
Stlth   +.........              (no amulet)
HPRegen 0.15/turn               (no ring)
MPRegen 0.09/turn               (no ring)

@: no status effects
A: horns 2, retaliatory headbutt
a: no special abilities


You were on level 3 of the Dungeon.
You visited 1 branch of the dungeon, and saw 3 of its levels.

You collected 175 gold pieces.

Inventory:

Hand Weapons
 a - a +0 shortbow (weapon)
Armour
 c - a +0 leather armour (worn)
Jewellery
 q - a +6 ring of intelligence
Scrolls
 b - 3 scrolls of immolation
 e - a scroll of identify {unknown}
 h - a scroll of amnesia {unknown}
 j - a scroll of magic mapping {unknown}
 l - a scroll of vulnerability {unknown}
 m - 2 scrolls of butterflies {unknown}
 o - 3 scrolls of enchant armour {unknown}
 r - a scroll of teleportation {unknown}
Potions
 d - a potion of cancellation {unknown}
 f - 2 potions of resistance {unknown}
 i - a potion of heal wounds {unknown}
 k - a potion of flight {unknown}
 n - 2 potions of brilliance {unknown}
 p - 2 potions of ambrosia {unknown}


   Skills:
 + Level 4.7 Fighting
 + Level 5.8 Ranged Weapons
 - Level 2.1 Dodging
 - Level 0.7 Stealth


You had 4 spell levels left.
You didn't know any spells.
Your spell library was empty.

Dungeon Overview and Level Annotations

Branches:
Dungeon (3/15)

Altars:

Annotations:
D:2 1 runed translucent door, Crazy Yiuf


Innate Abilities, Weirdness & Mutations

You have a pair of horns on your head.
You reflexively headbutt those who attack you in melee.


Message History

The gnoll closely misses you.
The gnoll hits you from afar with a +0 spear.
The gnoll attacks as you move away! The gnoll barely misses you.
You are too injured to fight recklessly!
You are too injured to fight recklessly!
You are too injured to fight recklessly!
You are too injured to fight recklessly!
Fire: a) +0 shortbow
Press: ? - help, Q - select action Shift-Dir - straight line, f/p - gnoll
Aim: a gnoll, wielding a +0 flail (severely wounded, 68% to hit)
You shoot an arrow. The arrow hits the gnoll.
You kill the gnoll!
The gnoll throws a stone.
The stone hits you.
You have reached level 5!
Unknown command.
Fire: a) +0 shortbow
Press: ? - help, Q - select action Shift-Dir - straight line, f - gnoll
Aim: a gnoll, wielding a +0 spear and quivering stones (heavily wounded, 68% to hit)
You shoot an arrow. The arrow hits the gnoll.
The gnoll is almost dead.
The gnoll hits you from afar with a +0 spear.
* * * LOW HITPOINT WARNING * * *
Fire: a) +0 shortbow
Press: ? - help, Q - select action Shift-Dir - straight line, f/p - gnoll
Aim: a gnoll, wielding a +0 spear and quivering stones (almost dead, 68% to hit)
You shoot an arrow.
The arrow hits the orc but does no damage.
The gnoll hits you from afar with a +0 spear.
* * * LOW HITPOINT WARNING * * *
The orc hits you with a +0 war axe.
* * * LOW HITPOINT WARNING * * *
Fire: a) +0 shortbow
Press: ? - help, Q - select action Shift-Dir - straight line, f/p - gnoll
Aim: a gnoll, wielding a +0 spear and quivering stones (almost dead, 68% to hit)
You shoot an arrow. The arrow hits the orc.
The orc is heavily wounded.
The gnoll barely misses you. The orc hits you with a +0 war axe.
* * * LOW HITPOINT WARNING * * *
The orc hits you with a +0 war axe!
You die...

### #.. #.# #.# #.#
#.# #
###########.#.###.#
#........@og.......
#.........#.#.###.#
#...#.###.#.# .)
#...#.###.#[# .#
#...#.....#.# #
##.#.#######..
##..#..........
##...###########
#..#.#####


You could see a gnoll and an orc.

Vanquished Creatures
  A scorpion (D:3)
  2 gnolls (D:3)
  An adder (D:2)
  2 dart slugs
  2 ball pythons (D:2)
  4 bats
  6 endoplasms
  3 giant cockroaches
  2 goblins
  4 hobgoblins
  5 jackals
  2 kobolds (D:1)
  4 quokkas
  A frilled lizard (D:2)
  7 rats
46 creatures vanquished.

Notes
Turn   | Place    | Note
-------+----------+-------------------------------------------
     0 | D:1      | safid the Minotaur Hunter began the quest for the Orb.
     0 | D:1      | Reached XP level 1. HP: 18/18 MP: 0/0
    85 | D:1      | Reached XP level 2. HP: 25/25 MP: 1/1
   178 | D:1      | Found a faded altar of an unknown god.
   563 | D:2      | Reached skill level 5 in Ranged Weapons
   563 | D:2      | Reached XP level 3. HP: 31/31 MP: 2/2
  1228 | D:2      | Found a runed translucent door.
  1229 | D:2      | Noticed Crazy Yiuf
  1374 | D:3      | Noticed a scorpion
  1391 | D:3      | Killed a scorpion
  1392 | D:3      | Reached XP level 4. HP: 20/41 MP: 3/3
  1670 | D:3      | Reached XP level 5. HP: 19/47 MP: 4/4
  1672 | D:3      | Slain by an orc

Illustrated notes

Levels and vault maps discovered:
D:1:      minmay_arrival_five_plusses, layout_basic,
          hellmonk_ecumenical_altar_blasted, patterned_corridor
D:2:      layout_loops_ring, minmay_between, uniq_crazy_yiuf_cottage
D:3:      layout_basic

Skill      XL: |  1  2  3 |
---------------+----------+-----
Fighting       | 3 4 |  4.7
Ranged Weapons | 5 |  5.8
Dodging        | |  2.1
Stealth        | |  0.7

Action                   |  1- 3 |  4- 6 || total
-------------------------+-------+-------++-------
 Fire: Shortbow          |    91 |    12 ||   103
  Use: Potion            |     3 |       ||     3
Armor: Leather armour    |    10 |       ||    10
Dodge: Dodged            |    36 |     9 ||    45
